 Dungeon Crawl Stone Soup version 0.30-a0-1074-g5db6f66fbb (webtiles) character file.

Game seed: 10205479645728932040

621 retardedninja the Conjurer (level 7, -5/51 HPs)
             Began as a Gnoll Conjurer on Apr 13, 2023.
             Slain by Duvessa
             ... wielding a +0 short sword
              (10 damage)
             ... on level 4 of the Dungeon.
             The game lasted 00:10:28 (5996 turns).

retardedninja the Conjurer (Gnoll Conjurer)         Turns: 5996, Time: 00:10:28

Health: -5/51      AC:  6    Str:  6    XL:     7   Next: 46%
Magic:  0/15       EV: 13    Int: 20    God:
Gold:   160        SH:  0    Dex: 10    Spells: 14/17 levels left

rFire   . . .      SeeInvis .      - Unarmed
rCold   . . .      Faith    .    (no shield)
rNeg    . . .      Spirit   .    a - +2 robe
rPois   .          Reflect  .    f - +0 helmet
rElec   .          Rampage  .    (no cloak)
rCorr   .                        (no gloves)
Will    .....                    l - +0 pair of boots
Stlth   +++                      (no amulet)
HPRegen 0.28/turn                (no ring)
MPRegen 0.14/turn                (no ring)

@: brilliant
A: fangs 1, strong nose, distributed training
a: no special abilities


You were on level 4 of the Dungeon.
You visited 1 branch of the dungeon, and saw 4 of its levels.

You collected 160 gold pieces.

Inventory:

Armour
 a - a +2 robe (worn)
 f - a +0 helmet (worn)
 l - a +0 pair of boots (worn)
Jewellery
 m - the ring "Tufuvac" {rElec rN+ Will+ Dex-2}
   (You found it on level 3 of the Dungeon)

   [ring of willpower]

   Dex:       It affects your dexterity (-2).
   rElec:     It insulates you from electricity.
   rN:        It protects you from negative energy.
   Will:      It increases your willpower.
Scrolls
 b - a scroll of butterflies {unknown}
 c - a scroll of torment
 o - a scroll of enchant weapon {unknown}
Potions
 i - a potion of ambrosia


   Skills:
 + Level 2.6 Fighting
 + Level 2.6 Short Blades
 + Level 2.6 Long Blades
 + Level 2.6 Axes
 + Level 2.6 Maces & Flails
 + Level 2.6 Polearms
 + Level 2.6 Staves
 + Level 2.6 Ranged Weapons
 + Level 2.6 Throwing
 + Level 2.6 Armour
 + Level 5.3 Dodging
 + Level 5.0 Stealth
 + Level 2.6 Shields
 + Level 2.6 Unarmed Combat
 + Level 5.7 Spellcasting
 + Level 7.4 Conjurations
 + Level 2.1 Hexes
 + Level 2.1 Summonings
 + Level 2.1 Necromancy
 + Level 2.1 Translocations
 + Level 2.1 Transmutations
 + Level 2.1 Fire Magic
 + Level 2.1 Ice Magic
 + Level 2.1 Air Magic
 + Level 2.1 Earth Magic
 + Level 2.1 Poison Magic
 + Level 2.9 Invocations
 + Level 2.6 Evocations


You had 14 spell levels left.
You knew the following spells:

 Your Spells              Type           Power      Damage    Failure   Level
a - Magic Dart            Conj           100%       1d8       1%          1
b - Searing Ray           Conj           100%       2d8       1%          2

Your spell library contained the following spells:

 Spells                   Type           Power      Damage    Failure   Level
 Kiss of Death            Conj/Necr      100%       2d13      1%          1
 Static Discharge         Conj/Air       74%        2-6/arc   2%          2
 Dazzling Flash           Conj/Hex       74%        N/A       4%          3
 Cigotuvi's Dreadful Rot  Necr/Pois/Air  42%        N/A       7%          2
 Confusing Touch          Hex            21%        N/A       14%         3
 Ignite Poison            Fire/Tmut/Pois 21%        N/A       14%         3
 Fulminant Prism          Conj/Hex       18%        3d10      16%         4
 Iskenderun's Mystic Bla  Conj/Tloc      37%        2d9       16%         4
 Airstrike                Air            10%        2d(2-18)  41%         4
 Dispel Undead            Necr           21%        3d11      41%         4
 Summon Lightning Spire   Summ/Air       21%        N/A       41%         4
 Freezing Cloud           Conj/Ice/Air   16%        6-21      52%         5


Dungeon Overview and Level Annotations

Branches:
Dungeon (4/15)
 Temple: D:4-7

Altars:
Okawaru

Shops:
D:1 [   D:3 ?=[?

Annotations:
D:3 1 runed translucent door, TheSexyCheese's ghost, weakling GnFE
D:4 Duvessa; Grinder


Innate Abilities, Weirdness & Mutations

You have very sharp teeth.
Your uncanny sense of smell can sniff out nearby items.
Your experience applies equally to all skills.


Message History

(Press . to maintain the ray.) Duvessa hits you but does no damage.
Duvessa hits you with a +0 short sword!
Unknown command.
Casting: Searing Ray (safe; 1% risk of failure)
Confirm with . or Enter, or press ? or * to list all spells.
Restarting spell: Searing Ray (safe; 1% risk of failure)
Press: ? - help, Shift-Dir - straight line, f/p - Duvessa
Aim: Duvessa, wielding a +0 short sword, wearing a +0 scale mail of positive energy and quivering stones (moderately wounded, berserk, 86% to hit)
The searing ray hits Duvessa!
Duvessa is heavily wounded. (Press . to maintain the ray.) Duvessa closely misses you.
Casting: Searing Ray (safe; 1% risk of failure)
Confirm with . or Enter, or press ? or * to list all spells.
Restarting spell: Searing Ray (safe; 1% risk of failure)
Press: ? - help, Shift-Dir - straight line, f/p - Duvessa
Aim: Duvessa, wielding a +0 short sword, wearing a +0 scale mail of positive energy and quivering stones (heavily wounded, berserk, 86% to hit)
The searing ray hits Duvessa.
Duvessa is heavily wounded. (Press . to maintain the ray.) Duvessa hits you with a +0 short sword! x2
* * * LOW HITPOINT WARNING * * *
You feel much better. Duvessa hits you with a +0 short sword.
You feel clever all of a sudden. Duvessa barely misses you.
Duvessa hits you with a +0 short sword. Duvessa attacks as you move away!
Duvessa hits you with a +0 short sword.
* * * LOW HITPOINT WARNING * * *
Duvessa closely misses you. Duvessa attacks as you move away!
Duvessa hits you with a +0 short sword.
* * * LOW HITPOINT WARNING * * *
Duvessa hits you with a +0 short sword!
* * * LOW HITPOINT WARNING * * *
Aiming: Magic Dart (safe; 1% risk of failure)
Press: ? - help, Q - select action, (/) - cycle Shift-Dir - straight line, f/p - Duvessa
Aim: Duvessa, wielding a +0 short sword, wearing a +0 scale mail of positive energy and quivering stones (heavily wounded, berserk, 100% to hit)
You feel a surge of power!
The magic dart hits Duvessa but does no damage.
Duvessa is heavily wounded.
Duvessa hits you with a +0 short sword!
You die...

#.#...##'#.#'#........#####.####.
.....[.....#.#.................+.
....#........#........#.#.#.####.
...#.#.....>.#........#.#.#.##...
..#._.#..........................
...#.#.......##........##########
....#...........###.#.## #
........###..##e###....# ##
..#.#...........@......# #.
..#....##.#..##.#.#.#.## #.
#[###...............#..# ##.
.......................# ###..
#.###.[.......#.#.#.#### ###....
#.# #..##.###.#.#.#.# ##......
#.# #..##.# #.#.#.#.# #.....##
#.# #..##.###.#.#.#.# ##...###
#.###..##..)......### #...##


You could see Duvessa (berserk).

Vanquished Creatures
  Eustachio (D:4)
  Edmund (D:4)
  A black bear (D:4)
  A scorpion (D:4)
  Dowan (D:4)
  A jelly (D:4)
  Natasha (D:4)
  2 adders (D:3)
  2 worms
  2 dart slugs
  12 orcs
  7 ball pythons
  9 endoplasms
  A giant cockroach (D:2)
  6 hobgoblins
  11 jackals
  4 quokkas
  6 bats
  4 frilled lizards
  3 goblins
  5 kobolds
  4 rats
85 creatures vanquished.

Vanquished Creatures (others)
  2 withered plants (D:3)
2 creatures vanquished.

Grand Total: 87 creatures vanquished

Notes
Turn   | Place    | Note
-------+----------+-------------------------------------------
     0 | D:1      | retardedninja the Gnoll Conjurer began the quest for the
                  | Orb.
     0 | D:1      | Reached XP level 1. HP: 13/13 MP: 6/6
   101 | D:1      | Reached XP level 2. HP: 19/19 MP: 0/7
   431 | D:1      | Found a faded altar of an unknown god.
   745 | D:1      | Found Vataujerph's Antique Armour Shop.
   774 | D:1      | Reached skill level 5 in Spellcasting
   774 | D:1      | Reached XP level 3. HP: 25/25 MP: 4/9
  1323 | D:2      | Reached skill level 1 in Invocations
  1728 | D:2      | Reached skill level 1 in Fighting
  1728 | D:2      | Reached skill level 1 in Short Blades
  1728 | D:2      | Reached skill level 1 in Long Blades
  1728 | D:2      | Reached skill level 1 in Axes
  1728 | D:2      | Reached skill level 1 in Maces & Flails
  1728 | D:2      | Reached skill level 1 in Polearms
  1728 | D:2      | Reached skill level 1 in Staves
  1728 | D:2      | Reached skill level 1 in Ranged Weapons
  1728 | D:2      | Reached skill level 1 in Throwing
  1728 | D:2      | Reached skill level 1 in Armour
  1728 | D:2      | Reached skill level 1 in Shields
  1728 | D:2      | Reached skill level 1 in Unarmed Combat
  1728 | D:2      | Reached skill level 1 in Evocations
  2107 | D:3      | Learned a level 2 spell: Searing Ray
  2159 | D:3      | Found a runed translucent door.
  2165 | D:3      | Noticed TheSexyCheese's ghost (weakling GnFE)
  2210 | D:3      | Reached XP level 4. HP: 32/32 MP: 6/11
  2342 | D:3      | Identified the ring "Tufuvac" {rElec rN+ Will+ Dex-2}
  2461 | D:3      | Found Wiruh's Magic Scroll Boutique.
  2504 | D:3      | Found Qoas Jad's Antique Armour Shoppe.
  2528 | D:3      | Reached skill level 1 in Hexes
  2528 | D:3      | Reached skill level 1 in Summonings
  2528 | D:3      | Reached skill level 1 in Necromancy
  2528 | D:3      | Reached skill level 1 in Translocations
  2528 | D:3      | Reached skill level 1 in Transmutations
  2528 | D:3      | Reached skill level 1 in Fire Magic
  2528 | D:3      | Reached skill level 1 in Ice Magic
  2528 | D:3      | Reached skill level 1 in Air Magic
  2528 | D:3      | Reached skill level 1 in Earth Magic
  2528 | D:3      | Reached skill level 1 in Poison Magic
  2883 | D:3      | Found Bishy's Jewellery Shop.
  2909 | D:3      | Found Acohin's Magic Scroll Boutique.
  3529 | D:4      | Noticed a scorpion
  3533 | D:4      | Killed a scorpion
  3534 | D:4      | Reached XP level 5. HP: 37/37 MP: 6/12
  3596 | D:4      | Noticed Duvessa
  3644 | D:4      | Found an iron altar of Okawaru.
  3661 | D:4      | Noticed Edmund
  3671 | D:4      | Killed Edmund
  3672 | D:4      | Reached skill level 5 in Dodging
  3672 | D:4      | Reached XP level 6. HP: 40/44 MP: 11/14
  3763 | D:4      | Noticed Eustachio
  3770 | D:4      | Killed Eustachio
  3771 | D:4      | Reached XP level 7. HP: 50/50 MP: 1/15
  3902 | D:4      | Noticed Dowan
  4987 | D:4      | Noticed Natasha
  4989 | D:4      | Noticed Grinder
  4991 | D:4      | Killed Natasha
  5252 | D:4      | Paralysed by Grinder for 3 turns
  5719 | D:4      | Killed Dowan
  5720 | D:4      | Reached skill level 5 in Stealth
  5996 | D:4      | Slain by Duvessa

Illustrated notes

Levels and vault maps discovered:
D:1:      eino_arrival_water_star, layout_basic,
          hellmonk_ecumenical_altar_inner_sanctum, serial_shops,
          nicolae_shop_waterfront
D:2:      layout_basic
D:3:      layout_basic, serial_shops, shop, nicolae_shop_statue_plus,
          nicolae_shop_statue_plus, nicolae_shop_hallway_plus,
          gammafunk_ghost_grave
D:4:      layout_basic, good_gods_mini_temple, fedhas_altar_1,
          okawaru_metal_pillars_3, serial_curves, eino_curves_02,
          eino_curves_04, eino_curves_04, uniq_eustachio, uniq_grinder,
          uniq_duvessa, uniq_menkaure, uniq_edmund, uniq_natasha

Skill      XL: |  1  2  3  4  5  6  7 |
---------------+----------------------+-----
Spellcasting   | 5 |  5.7
Invocations    | 1 2 |  2.9
Fighting       | 1 2 |  2.6
Short Blades   | 1 2 |  2.6
Long Blades    | 1 2 |  2.6
Axes           | 1 2 |  2.6
Maces & Flails | 1 2 |  2.6
Polearms       | 1 2 |  2.6
Staves         | 1 2 |  2.6
Ranged Weapons | 1 2 |  2.6
Throwing       | 1 2 |  2.6
Armour         | 1 2 |  2.6
Shields        | 1 2 |  2.6
Unarmed Combat | 1 2 |  2.6
Evocations     | 1 2 |  2.6
Hexes          | 1 2 |  2.1
Summonings     | 1 2 |  2.1
Necromancy     | 1 2 |  2.1
Translocations | 1 2 |  2.1
Transmutations | 1 2 |  2.1
Fire Magic     | 1 2 |  2.1
Ice Magic      | 1 2 |  2.1
Air Magic      | 1 2 |  2.1
Earth Magic    | 1 2 |  2.1
Poison Magic   | 1 2 |  2.1
Dodging        | 5 |  5.3
Stealth        | 5 |  5.0
Conjurations   | |  7.4

Action                     |  1- 3 |  4- 6 |  7- 9 || total
---------------------------+-------+-------+-------++-------
  Melee: Unarmed           |     3 |     7 |     1 ||    11
         Bite              |     1 |     1 |       ||     2
   Cast: Magic Dart        |    79 |    52 |    43 ||   174
         Searing Ray       |       |    16 |    33 ||    49
    Use: Scroll            |       |    10 |     4 ||    14
         Potion            |       |     1 |     8 ||     9
   Stab: Sleeping          |       |     1 |       ||     1
 Armour: Robe              |       |       |    22 ||    22
  Dodge: Dodged            |     4 |    12 |    50 ||    66

Table legend: (Time is in decaauts)
 A = Elapsed time spent in this place.
 B = Non-inter-level travel time spent in this place.
 C = Inter-level travel time spent in this place.
 D = Time resting spent in this place.
 E = Time spent auto-exploring this place.
 F = Levels seen in this place.
 G = Mean time per level.
                   A        B        C        D        E       F      G
               +--------+--------+--------+--------+--------+-----+--------+
         Total |   5983 |   5902 |     81 |   2093 |   3283 |   4 | 1495.8 |
       Dungeon |   5983 |   5902 |     81 |   2093 |   3283 |   4 | 1495.8 |
               +--------+--------+--------+--------+--------+-----+--------+

Top non-repeatable levels by time:
     D:3: 2920 daAuts
     D:1: 1229 daAuts
     D:4: 958 daAuts
     D:2: 875 daAuts
